 Dungeon Crawl Stone Soup version 0.22.1-1-ga44c0e56f4 (webtiles) character file.

535 Jynx the Changer (level 7, -8/43 HPs)
             Began as an Octopode Transmuter on Sept 27, 2018.
             Killed by divine providence
             ... invoked by an orc priest
              (15 damage)
             ... on level 3 of the Dungeon.
             The game lasted 00:10:11 (5768 turns).

Jynx the Changer (Octopode Transmuter)              Turns: 5768, Time: 00:10:12

Health: -8/43      AC:  1    Str:  9    XL:     7   Next: 25%
Magic:  8/10       EV: 13    Int: 16    God:
Gold:   178        SH:  0    Dex: 14    Spells: 4/10 levels left

rFire    . . .     SeeInvis .     - Unarmed
rCold    . . .     Gourm    .   (no shield)
rNeg     . . .     Faith    .   (helmet restricted)
rPois    .         Spirit   .   (no amulet)
rElec    .         Reflect  .   e - ring of flight
rCorr    .         Harm     .   (no ring)
MR       .....                  (no ring)
Stlth    ++........             (no ring)
HPRegen  0.14/turn              (no ring)
MPRegen  0.12/turn              (no ring)
                                (no ring)
                                (no ring)

@: about to teleport, appendage
A: almost no armour, stealthy swim, amphibious, 8 rings, constrict 8, tentacle
spike 3, camouflage 1, gelatinous body 1
a: End Transformation, Evoke Flight


You were on level 3 of the Dungeon.
You were not hungry.
One of your tentacles had a temporary spike.
You visited 1 branch of the dungeon, and saw 4 of its levels.

You collected 178 gold pieces.

Inventory:

Missiles
 a - 28 arrows
Jewellery
 e - a ring of flight (left tentacle)
 k - an uncursed ring of protection from magic {unknown}
Wands
 j - a wand of clouds (6)
Scrolls
 i - a scroll of magic mapping {unknown}
 l - a scroll of identify
Potions
 b - a potion of magic {unknown}
 f - a potion of degeneration {unknown}
 g - a potion of heal wounds {unknown}
 h - a potion of mutation {unknown}
 n - a potion of agility {unknown}
Comestibles
 c - 7 rations
 o - 3 chunks of flesh


   Skills:
 - Level 1.0 Fighting
 - Level 2.0 Dodging
 - Level 3.0 Unarmed Combat
 - Level 2.0 Spellcasting
 + Level 7.7 Transmutations


You had 4 spell levels left.
You knew the following spells:

 Your Spells              Type           Power        Failure   Level  Hunger
a - Beastly Appendage     Tmut           ####..       1%          1    #......
b - Sticks to Snakes      Tmut           ####....     1%          2    ###....
c - Spider Form           Tmut/Pois      ##........   13%         3    ###....

Your spell library contained the following spells:

 Spells                   Type           Power        Failure   Level  Hunger
 Ice Form                 Ice/Tmut       ##......     38%         4    #####..
 Blade Hands              Tmut           ####......   24%         5    ######.


Dungeon Overview and Level Annotations

Branches:
Dungeon (4/15)
 Temple: D:4-7

Altars:


Innate Abilities, Weirdness & Mutations

You cannot wear most types of armour.
You are very stealthy in the water. (Stealth+)
You are amphibious.
You can wear up to eight rings at the same time.
You can use your tentacles to constrict eight enemies at once.
Your skin changes colour to match your surroundings (Stealth+).
Your rubbery body absorbs attacks. (AC +1, EV +1)
One of your tentacles bears a large vicious spike.


Message History

The orc priest barely misses you.
Your ball python bites the orc priest but does no damage. x2
As you read the scroll of teleportation, it crumbles to dust.
You feel strangely unstable.
You constrict the orc priest.
The orc priest mumbles some strange prayers to Beogh against you.
Beogh smites you!
* * * LOW HITPOINT WARNING * * *
The orc priest struggles to escape constriction.
The orc priest hits you but does no damage.
Your ball python bites the orc priest but does no damage. x2
You hear a shout!
You feel better.
You constrict the orc priest.
The orc priest calls down the wrath of Beogh upon you.
Beogh smites you!
* * * LOW HITPOINT WARNING * * *
Your ball python bites the orc priest but does no damage.
Your ball python bites the orc priest.
The orc priest misses your ball python.
The orc priest invokes the aid of Beogh against you.
Beogh smites you!
You die...

.............##### #.#
.................# #.#
.................# #.#
.........o.......# #.#
.................# #.#
####.........o...# #.# #
#..####[.)).SS# #.# ###
..# #..)(.o.# #.# .......
.#.....o@###########.##
.....
...........'............#
.....
...#.......##############
.........#...#####
...##... #...# ..##...
#...# o.... #...# ..o.
... ....


You could see 3 orc priests, an orc and 2 friendly ball pythons.

Vanquished Creatures
  2 ogres (D:4)
  A centaur zombie (D:2)
  An orc priest (D:4)
  Jessica (D:2)
  2 orc wizards (D:4)
  A worker ant (D:4)
  A hound skeleton (D:4)
  3 gnolls
  4 adders
  An ooze (D:1)
  An adder skeleton (D:4)
  4 worms (D:2)
  3 dart slugs
  6 leopard geckos
  12 orcs
  A ball python (D:1)
  6 giant cockroaches
  6 goblins
  2 hobgoblins (D:1)
  2 jackals (D:1)
  A quokka (D:4)
  11 bats
  3 frilled lizards
  6 kobolds
  A leopard gecko skeleton (D:4)
  2 quokka skeletons (D:4)
  A quokka zombie (D:4)
  7 rats
92 creatures vanquished.

Vanquished Creatures (collateral kills)
  A bullfrog skeleton (D:4)
  A gnoll (D:3)
  An adder (D:2)
3 creatures vanquished.

Grand Total: 95 creatures vanquished

Notes
Turn   | Place    | Note
-------+----------+-------------------------------------------
     0 | D:1      | Jynx the Octopode Transmuter began the quest for the Orb.
     0 | D:1      | Reached XP level 1. HP: 13/13 MP: 3/3
    12 | D:1      | Noticed a minotaur zombie
   293 | D:1      | Reached XP level 2. HP: 9/18 MP: 3/5
   630 | D:1      | Reached skill level 3 in Transmutations
   630 | D:1      | Reached XP level 3. HP: 8/23 MP: 4/6
  1618 | D:2      | Reached skill level 4 in Transmutations
  1618 | D:2      | Reached XP level 4. HP: 6/28 MP: 7/7
  1862 | D:2      | Learned a level 2 spell: Sticks to Snakes
  1866 | D:2      | Learned a level 3 spell: Spider Form
  2419 | D:2      | Reached skill level 5 in Transmutations
  2419 | D:2      | Reached XP level 5. HP: 20/33 MP: 8/8
  2783 | D:2      | Noticed Jessica
  2792 | D:2      | Killed Jessica
  4064 | D:4      | Noticed an ogre
  4075 | D:4      | Killed an ogre
  4075 | D:4      | Reached skill level 6 in Transmutations
  4075 | D:4      | Reached XP level 6. HP: 38/38 MP: 5/9
  4651 | D:4      | Reached skill level 7 in Transmutations
  5123 | D:4      | Reached XP level 7. HP: 21/43 MP: 6/10
  5768 | D:3      | Killed from afar by an orc priest

Skill      XL: |  1  2  3  4  5  6 |
---------------+-------------------+-----
Transmutations | 3 4 5 6 7 |  7.7
Fighting       | |  1.0
Dodging        | |  2.0
Unarmed Combat | |  3.0
Spellcasting   | |  2.0

Action                   |  1- 3 |  4- 6 |  7- 9 || total
-------------------------+-------+-------+-------++-------
Melee: Unarmed           |    81 |   135 |    36 ||   252
       Constrict         |    26 |    37 |    13 ||    76
       Kick              |    18 |    33 |     7 ||    58
       Tentacles         |    10 |    24 |     9 ||    43
       Punch             |       |     6 |       ||     6
 Cast: Beastly Appendage |    14 |    20 |     3 ||    37
       Sticks to Snakes  |       |    11 |     3 ||    14
  Use: Scroll            |     1 |     4 |     1 ||     6
       Potion            |       |     1 |     1 ||     2
 Stab: Sleeping          |     4 |     4 |     1 ||     9
  Eat: Chunk             |     2 |     8 |     3 ||    13
       Ration            |       |     1 |       ||     1
Armor: Skin              |     9 |     6 |     3 ||    18
Dodge: Dodged            |    58 |    79 |    20 ||   157
